AoeStats
← eleven

Arena

509639036Analyzed
4v4 RM · 3d ago on Sep 27, 2026· 56m 16s· 8 players
Game mode
Random Map
Map size
Large (8 player)
Population
200
Speed
Normal
Resources
Standard
Victory
Conquest
Starting age
Dark Age
Ending age
Imperial Age
RankedLock teamsTeams togetherTeam positionsShared explorationLock speedFull tech treeHidden civsTurbo modeCheats
Victory
Defeat
🇹🇷 Teutons · Türkiye
995
+12
🇹🇷 Khmer · Türkiye
849
+17
🇨🇳 Celts · China
847
+18
🇦🇷 Franks · Argentina
846
+18
🇨🇳 Teutons · China
945
-19
🇵🇱 Lithuanians · Poland
883
-16
🇺🇸 Khmer · United States
862
-15
🇨🇳 Bohemians · China
852
-15
Special Air (SAS)
10:29 Feudal Age
15:24 Castle Age
14:03 Double-Bit Axe
17:18 Bow Saw
18:35 Wheelbarrow
23:46 Hand Cart
25:18 Loom
25:59 Horse Collar
27:18 Scale Mail Armor
27:33 Forging
28:29 Husbandry
28:43 Bloodlines
31:06 Heavy Plow
32:19 Scale Barding Armor
32:54 Iron Casting
34:52 Imperial Age
32:17 Gold Mining
32:21 Stone Mining
35:57 Chain Barding Armor
35:32 Cavalier
37:28 Stone Shaft Mining
37:23 Paladin
38:42 Plate Barding Armor
39:35 Chemistry
39:00 Conscription
39:20 Crop Rotation
39:53 Two-Man Saw
38:42 Town Watch
43:13 Light Cavalry
46:09 Winged Hussar
49:50 Scale Mail Armor
49:23 Pikeman
50:03 Squires
51:06 Chain Mail Armor
50:29 Halberdier
强强不怕困难
0:29 Loom
11:02 Feudal Age
19:38 Castle Age
17:41 Double-Bit Axe
18:22 Horse Collar
20:37 Squires
20:42 Pikeman
31:20 Forging
31:12 Scale Mail Armor
31:34 Gold Mining
32:45 Bow Saw
35:55 Imperial Age
34:19 Wheelbarrow
34:26 Iron Casting
35:55 Stone Mining
36:00 Elite Teutonic Knight
37:02 Chain Mail Armor
37:10 Capped Ram
38:02 Heavy Plow
39:46 Blast Furnace
seven^^
11:32 Feudal Age
16:37 Castle Age
14:53 Double-Bit Axe
16:17 Horse Collar
39:05 Heavy Plow
44:07 Imperial Age
45:24 Chemistry
46:51 Houfnice
47:54 Bow Saw
48:12 Caravan
49:06 Pikeman
49:59 Forging
49:50 Scale Mail Armor
49:56 Squires
49:44 Arson
50:12 Halberdier
52:10 Iron Casting
52:30 Chain Mail Armor
eleven
0:26 Loom
10:57 Feudal Age
12:13 Wheelbarrow
11:28 Double-Bit Axe
16:32 Castle Age
14:49 Horse Collar
15:01 Gold Mining
15:37 Stone Mining
17:31 Bow Saw
25:09 Hand Cart
28:34 Stone Shaft Mining
28:35 Gold Shaft Mining
28:32 Forging
28:24 Scale Mail Armor
28:30 Scale Barding Armor
28:49 Ballistics
27:59 Light Cavalry
30:11 Bloodlines
30:01 Husbandry
30:11 Scale Barding Armor
32:51 Masonry
32:51 Fortified Wall
36:43 Imperial Age
35:47 Iron Casting
36:59 Heavy Plow
37:26 Chain Barding Armor
37:07 Scale Mail Armor
38:04 Heavy Scorpion
39:40 Conscription
38:45 Pikeman
39:11 Arson
40:18 Capped Ram
42:04 Double Crossbow
42:13 Onager
43:02 Siege Ram
43:03 Onager
44:21 Chain Mail Armor
45:06 Blast Furnace
44:45 Plate Barding Armor
44:27 Siege Engineers
45:23 Chemistry
45:16 Hussar
47:28 Caravan
47:59 Coinage
49:56 Cavalier
50:02 Halberdier
56:59 Blast Furnace
sujing810
0:31 Loom
12:02 Feudal Age
14:12 Wheelbarrow
13:23 Double-Bit Axe
18:46 Castle Age
17:15 Stone Mining
17:41 Gold Mining
20:04 Forging
19:56 Scale Mail Armor
20:15 Bow Saw
25:34 Hand Cart
29:37 Horse Collar
30:41 Gold Shaft Mining
30:58 Stone Shaft Mining
32:19 Heavy Plow
34:16 Iron Casting
33:57 Chain Mail Armor
37:43 Imperial Age
37:43 Scale Barding Armor
38:58 Conscription
41:55 Pikeman
42:34 Elite Woad Raider
42:38 Halberdier
44:30 Blast Furnace
44:00 Plate Mail Armor
43:51 Chain Barding Armor
45:41 Furor Celtica
45:02 Onager
45:57 Siege Engineers
45:52 Murder Holes
48:18 Guilds
48:38 Coinage
48:09 Caravan
48:22 Fortified Wall
48:23 Masonry
49:14 Chemistry
Kötükediserooo
13:15 Feudal Age
13:38 Horse Collar
13:53 Double-Bit Axe
14:01 Gold Mining
14:02 Stone Mining
14:18 Stone Mining
14:43 Loom
20:08 Castle Age
18:28 Arson
18:47 Scale Mail Armor
19:31 Forging
19:12 Fletching
19:44 Padded Archer Armor
20:58 Heavy Plow
21:10 Bow Saw
21:39 Stone Shaft Mining
23:44 Leather Archer Armor
23:25 Bodkin Arrow
24:53 Iron Casting
24:32 Squires
24:19 Gambesons
26:06 Ballistics
26:38 Chain Mail Armor
30:51 Bodkin Arrow
34:03 Imperial Age
34:09 Wheelbarrow
35:52 Chemistry
34:21 Elite Teutonic Knight
35:22 Conscription
36:10 Plate Mail Armor
37:27 Blast Furnace
37:03 Ring Archer Armor
44:34 Caravan
45:05 Coinage
El Lobizon Chinchu
1:51 Loom
2:27 Loom
11:27 Feudal Age
12:34 Man-at-Arms
13:56 Double-Bit Axe
15:06 Forging
21:18 Fletching
21:30 Scale Mail Armor
24:31 Castle Age
23:23 Scale Barding Armor
23:20 Padded Archer Armor
24:29 Stone Mining
24:33 Gold Mining
31:13 Pikeman
32:00 Bodkin Arrow
32:45 Iron Casting
35:00 Gold Shaft Mining
34:39 Bow Saw
38:16 Wheelbarrow
40:44 Imperial Age
38:55 Wheelbarrow
41:03 Chain Mail Armor
41:50 Squires
41:12 Halberdier
44:09 Blast Furnace
43:34 Arson
44:22 Plate Mail Armor
53:40 Chain Barding Armor
52:46 Elite Throwing Axeman
55:09 Husbandry
55:47 Cavalier
57:03 Hand Cart
Lucien
11:30 Feudal Age
12:37 Double-Bit Axe
17:27 Castle Age
25:06 Husbandry
25:17 Bloodlines
28:05 Scale Barding Armor
28:10 Forging
31:09 Chain Barding Armor
31:25 Iron Casting
32:03 Bow Saw
33:47 Scale Mail Armor
33:46 Gold Mining
33:46 Stone Mining
34:53 Horse Collar
35:41 Caravan
36:33 Gold Shaft Mining
36:34 Stone Shaft Mining
37:00 Ballistics
40:03 Imperial Age
38:24 Chain Mail Armor
40:56 Wheelbarrow
41:07 Conscription
40:48 Double Crossbow
40:50 Tusk Swords
42:38 Hand Cart
41:48 Heavy Scorpion
43:32 Chemistry
43:10 Cavalier
45:48 Plate Barding Armor
46:14 Blast Furnace
45:41 Onager
50:31 Elite Battle Elephant
51:35 Heavy Plow
56:32 Padded Archer Armor
56:22 Fletching
57:09 Crop Rotation
Connection lost

Rejoining the realm…

Still unreachable

The connection could not be restored.

Session expired

The server has moved on; the page needs a fresh start.